 Dungeon Crawl Stone Soup version 0.22-a0-609-gfedc9ff (webtiles) character file.

30 Amnesiac the Caller (level 3, 0/18 HPs)
             Began as a Deep Elf Summoner on July 10, 2018.
             Slain by an adder (2 damage)
             ... on level 2 of the Dungeon.
             The game lasted 00:02:55 (1868 turns).

Amnesiac the Caller (Deep Elf Summoner)             Turns: 1868, Time: 00:02:55

Health: 0/18       AC:  3    Str:  5    XL:     3   Next: 3%
Magic:  2/9        EV: 13    Int: 20    God:
Gold:   41         SH:  0    Dex: 15    Spells: 5/8 levels left

rFire    . . .     SeeInvis .   a - +0 dagger
rCold    . . .     Gourm    .   (no shield)
rNeg     . . .     Faith    .   h - +0 robe
rPois    .         Spirit   .   (no helmet)
rElec    .         Reflect  .   (no cloak)
rCorr    .         Harm     .   b - +1 pair of gloves
MR       .....     Rnd*Rage +   (no boots)
Stlth    ++........             (no amulet)
HPRegen  0.06/turn              (no ring)
MPRegen  0.11/turn              (no ring)

@: lethally poisoned (0 -> -7), very slightly contaminated
A: berserk 1, deformed body, frail 1, mutation resistance 1
a: no special abilities


You were on level 2 of the Dungeon.
You were hungry.

You visited 1 branch of the dungeon, and saw 2 of its levels.

You collected 41 gold pieces.

Inventory:

Hand Weapons
 a - a +0 dagger (weapon)
Armour
 b - a +1 pair of gloves (worn)
 h - a +0 robe (worn)
Scrolls
 d - a scroll of teleportation {!r, unknown}
 e - 2 scrolls of identify {!r, unknown}
 f - a scroll of fear {!r, unknown}
 i - a scroll of remove curse {!r, unknown}
Comestibles
 c - 2 rations
 j - 10 chunks of flesh


   Skills:
 + Level 2.2 Fighting
 - Level 2.4 Dodging
 - Level 2.4 Stealth
 - Level 3.0 Spellcasting
 - Level 4.3 Summonings


You had 5 spell levels left.
You knew the following spells:

 Your Spells              Type           Power        Failure   Level  Hunger
a - Call Imp              Summ           ###.....     3%          2    ##.....
b - Summon Small Mammal   Summ           ###.         2%          1    None

Your spell library contained the following spells:

 Spells                   Type           Power        Failure   Level  Hunger
 Summon Ice Beast         Ice/Summ       ##......     50%         4    ####...
 Call Canine Familiar     Summ           ###.....     7%          3    ###....
 Summon Lightning Spire   Summ/Air       ##......     50%         4    ####...
 Summon Guardian Golem    Hex/Summ       ##......     17%         3    ###....


Dungeon Overview and Level Annotations

Branches:
Dungeon (2/15)

Altars:

Annotations:
D:2 1 runed door


Innate Abilities, Weirdness & Mutations

You tend to lose your temper in combat.
Armour fits poorly on your strangely shaped body.
You are frail. (-10% HP)
You are somewhat resistant to further mutation.


Message History

Casting: Call Imp (safe; 3% risk of failure)
Confirm with . or Enter, or press ? or * to list all spells.
A beastly little devil appears in a puff of flame.
The bat hits you. The adder misses you. The kobold hits you with a dagger.
The adder barely misses you.
Casting: Call Imp (safe; 3% risk of failure)
Confirm with . or Enter, or press ? or * to list all spells.
A beastly little devil appears in a puff of frigid air.
You are feeling hungry.
The adder barely misses you. The kobold barely misses you.
You closely miss the kobold.
The kobold is severely wounded.
The adder bites you.
* * * LOW HITPOINT WARNING * * *
The kobold barely misses you.
Your crimson imp blinks!
You closely miss the kobold.
The kobold is severely wounded.
The adder barely misses you. The adder misses you.
You hit the bat.
The bat is severely wounded.
The bat hits you but does no damage. The bat closely misses you.
The kobold closely misses your bat. The adder closely misses you.
The bat barely misses you. The bat hits you but does no damage.
Your crimson imp blinks!
The bat hits your white imp but does no damage.
You barely miss the bat.
The bat is severely wounded.
The bat hits you but does no damage.
The bat hits your crimson imp but does no damage.
Your crimson imp blinks!
The adder misses you. The bat closely misses your bat.
You closely miss the bat.
The bat is severely wounded.
The bat misses you. The adder barely misses you. The adder bites you.
* * * LOW HITPOINT WARNING * * *
You hit the bat but do no damage.
The bat is severely wounded.
The bat hits you.
* * * LOW HITPOINT WARNING * * *
The bat closely misses your bat.
The bat dies!
The adder bites you.
* * * LOW HITPOINT WARNING * * *
You are lethally poisoned!
The adder poisons you!
Some of the chunks of flesh in your inventory have rotted away.
You are too injured to fight recklessly!
* * * LOW HITPOINT WARNING * * *
You feel sick.
The kobold hits your bat but does no damage.
The kobold dies!
* * * LOW HITPOINT WARNING * * *
You feel sick. The adder closely misses you.
Really quaff
g - a fuming green potion {!q}?
It was a potion of mutation {!q}.
You feel extremely strange.
You feel a little pissed off.
Your body twists and deforms.
You feel frail.
You feel genetically stable. The adder bites you but does no damage.
You hit the adder.
The adder is moderately wounded.
The adder bites you.
You die...

#.....#.........##.#
#.#.#...#..#........
#.#.##.##..###..##..
#.#.......5...#.....
###..#.###.....###.#(.
#...##.# #....## ##.).
#.#..#.###.....###....
#.#.#........)..#.#...
#.#.#@##.....)......#5
#.#.#S###.........#...
#.#..bb####....#####.#
#.###..# #.....# #.#
#.#.###55##......# #.#
#......5).>.....># #.#
###.###..##......# #.#
#.).##...#.# #.#
.........# #.#


You could see an adder, 2 friendly crimson imps, a friendly white imp and 2
friendly bats.

Vanquished Creatures
  A dart slug (D:1)
  A giant cockroach (D:2)
  3 goblins (D:2)
  2 hobgoblins
  A bat (D:1)
  A rat (D:2)
9 creatures vanquished.

Vanquished Creatures (collateral kills)
  A gnoll (D:1)
  2 giant cockroaches
  4 hobgoblins
  2 jackals (D:2)
  2 kobolds
  4 bats
  A frilled lizard (D:1)
  3 rats
19 creatures vanquished.

Grand Total: 28 creatures vanquished

Notes
Turn   | Place    | Note
-------+----------+-------------------------------------------
     0 | D:1      | Amnesiac the Deep Elf Summoner began the quest for the Orb.
     0 | D:1      | Reached XP level 1. HP: 10/10 MP: 6/6
   510 | D:1      | Reached skill level 1 in Fighting
   896 | D:1      | Reached XP level 2. HP: 13/16 MP: 8/8
   900 | D:1      | Learned a level 2 spell: Call Imp
  1734 | D:2      | Found a runed door.
  1846 | D:2      | Reached XP level 3. HP: 19/21 MP: 9/9
  1867 | D:2      | Gained mutation: You tend to lose your temper in combat. [potion of mutation]
  1867 | D:2      | Gained mutation: Armour fits poorly on your strangely shaped body. [potion of mutation]
  1867 | D:2      | Gained mutation: You are frail. (-10% HP) [potion of mutation]
  1867 | D:2      | Gained mutation: You are somewhat resistant to further mutation. [potion of mutation]
  1868 | D:2      | Slain by an adder

Vault maps used:
D:1:      dpeg_arrival_arbitrary_b
D:2:      uniq_crazy_yiuf_cottage

Skill      XL: |  1  2 |
---------------+-------+-----
Fighting       | 1 2 |  2.2
Dodging        | |  2.4
Stealth        | |  2.4
Spellcasting   | |  3.0
Summonings     | |  4.3

Action                   || total
-------------------------++-------
Melee: Unarmed           ||    50
       Dagger            ||    72
 Cast: Summon Small Mamm ||    13
       Call Imp          ||    11
  Use: Potion            ||     1
 Stab: Sleeping          ||     5
  Eat: Chunk             ||     3
Armor: Robe              ||    44
Dodge: Dodged            ||   133

Table legend:
 A = Spawn XP
 B = Non-spawn XP
 C = Spawn XP percentage of total XP
 D = Spawn monster count
 E = Non-spawn monster count
 F = Spawn count percentage of total count
 G = Total turns spent on level
                    A         B        C        D         E        F      G
               +---------+---------+-------+---------+---------+-------+---------
         Total |       0 |      43 |   0.0 |       0 |      28 |   0.0 |  1868
               +---------+---------+-------+---------+---------+-------+---------
           D:1 |       0 |      23 |   0.0 |       0 |      13 |   0.0 |  1217
           D:2 |       0 |      20 |   0.0 |       0 |      15 |   0.0 |   651
               +---------+---------+-------+---------+---------+-------+---------
